 Dungeon Crawl Stone Soup version 0.32-a0-732-ga344392067 (webtiles) character file.

Game seed: 6406062558894598639

151 shadizar the Magician (level 5, -3/35 HPs)
             Began as a Djinni Earth Elementalist on Mar 16, 2024.
             Killed by nerve-wracking pain
             ... invoked by Grinder
              (8 damage)
             ... on level 3 of the Dungeon.
             The game lasted 00:01:28 (1417 turns).

shadizar the Magician (Djinni Earth Elementalist)   Turns: 1417, Time: 00:01:29

Health: -3/35      AC:  2    Str:  7    XL:     5   Next: 59%
Gold:   77         EV: 11    Int: 18    God:
                   SH:  0    Dex: 14

rFire   + + .        d - staff of cold
rCold   . . .        (no shield)
rNeg    . . .        a - +0 robe
rPois   ∞            (no helmet)
rElec   .            (no cloak)
rCorr   .            (no gloves)
SInv    .            (boots unavailable)
Will    .....        (no amulet)
Stlth   ++           (no ring)
HPRegen 0.25/turn    (no ring)
MPRegen 0.00/turn

%: infuse magic (-4 HP)
@: flying, very slightly contaminated
A: sickness immunity, fire resistance 2, cold vulnerability 1, float, innate
caster, HP casting, extra vitality 1
a: no special abilities


You were on level 3 of the Dungeon.
You visited 1 branch of the dungeon, and saw 4 of its levels.

You collected 77 gold pieces.

Inventory:

Armour
 a - a +0 robe (worn)
Magical Staves
 d - a staff of cold (weapon)
Jewellery
 f - a ring of protection from fire
Wands
 m - a wand of digging (5)
Scrolls
 c - a scroll of fog {unknown}
 e - a scroll of brand weapon {unknown}
 g - a scroll of teleportation {unknown}
 h - 2 scrolls of identify {unknown}
 n - a scroll of noise {unknown}
Potions
 b - a potion of lignification {unknown}
 i - a potion of curing {unknown}
 j - a potion of might {unknown}
 k - a potion of berserk rage {unknown}
 l - a potion of ambrosia {unknown}


   Skills:
 - Level 2.4 Dodging
 - Level 1.8 Stealth
 + Level 4.8 Spellcasting
 + Level 4.8 Conjurations
 + Level 4.8 Hexes
 + Level 4.8 Summonings
 + Level 4.8 Necromancy
 + Level 4.8 Translocations
 + Level 4.8 Fire Magic
 + Level 4.8 Ice Magic
 + Level 4.8 Air Magic
 + Level 4.8 Earth Magic
 + Level 4.8 Alchemy


You knew the following spells:

 Your Spells              Type           Power      Damage    Failure   Level
a - Sandblast             Erth           42%        2d11      1%          1
b - Passwall              Erth           21%        N/A       5%          3
c - Stone Arrow           Conj/Erth      42%        3d9       5%          3
d - Petrify               Alch/Erth      21%        N/A       19%         4
e - Brom's Barrelling Bo  Conj/Erth      21%        2d4       19%         4
f - Freeze                Ice            100%       1d10      1%          1
g - Mercury Vapours       Alch/Air       42%        N/A       2%          2
Your spell library was empty.

Dungeon Overview and Level Annotations

Branches:
Dungeon (4/15)
 Temple: D:4-7

Altars:
Qazlal

Annotations:
D:3 Grinder


Innate Abilities, Weirdness & Mutations

You are immune to sickness and miasma.
You are immune to poison.
Your flesh is very heat resistant. (rF++)
You are vulnerable to cold. (rC-)
You float through the air rather than walking.
You learn spells naturally, not from books.
Your magical power is your life essence.
You have superior vitality. (+4 MHP)


Message History

Casting: Stone Arrow (dangerous; 5% risk of failure)
Confirm with . or Enter, or press ? or * to list all spells.
Aiming: Stone Arrow (dangerous; 5% risk of failure)
Press: ? - help, Shift-Dir - straight line, f/p - Grinder
Aim: Grinder (lightly wounded, 68% to hit)
You miscast Stone Arrow.
Nothing appears to happen.
Grinder hits you.
You writhe in agony.
Unknown command.
Unknown command.
Unknown command.
Unknown command.
Unknown command.
Casting: Stone Arrow (dangerous; 5% risk of failure)
Confirm with . or Enter, or press ? or * to list all spells.
Aiming: Stone Arrow (dangerous; 5% risk of failure)
Press: ? - help, Shift-Dir - straight line, f/p - Grinder
Aim: Grinder (lightly wounded, 68% to hit)
The stone arrow hits Grinder!
Grinder is moderately wounded.
* * * LOW HITPOINT WARNING * * *
Grinder hits you.
* * * LOW HITPOINT WARNING * * *
You writhe in agony.
* * * LOW HITPOINT WARNING * * *
Unknown command.
Unknown command.
Unknown command.
Unknown command.
Casting: Stone Arrow (dangerous; 5% risk of failure)
Confirm with . or Enter, or press ? or * to list all spells.
Aiming: Stone Arrow (dangerous; 5% risk of failure)
Press: ? - help, Shift-Dir - straight line, f/p - Grinder
Aim: Grinder (moderately wounded, 68% to hit)
The stone arrow hits Grinder!
Grinder is severely wounded.
* * * LOW HITPOINT WARNING * * *
Grinder gestures at you. Pain shoots through your body!
You die...
Grinder says, "Hey, I wasn't done torturing you yet!"

########## #.##### #.#
#.# #.# #.# ####.#####
######## #.........
#....5.# #.##.####. #
###@# #.##.# #.
#.##.#.# #.##.####.
#.#....#### #.#.......
#.........####..†...##.
#.#.(.......##.........
# ##.#..#.#.#####..####
#.##.#..#.......†..#
#.......###.#####.##
####.##.....# ##'##


You could see Grinder.

Vanquished Creatures
  An orc priest (D:3)
  An orc wizard (D:3)
  4 adders
  A dart slug (D:2)
  2 ribbon worms
  9 orcs (D:3)
  5 ball pythons
  4 endoplasms
  A goblin (D:2)
  6 hobgoblins
  A quokka (D:2)
  3 bats
  3 kobolds
  3 rats
44 creatures vanquished.

Notes
Turn   | Place    | Note
-------+----------+-------------------------------------------
     0 | D:1      | shadizar the Djinni Earth Elementalist began the quest for
                  | the Orb.
     0 | D:1      | shadizar set off with the following spells memorised:
                  | Sandblast, Passwall, Stone Arrow, Petrify, Brom's
                  | Barrelling Boulder.
     0 | D:1      | Reached XP level 1. HP: 15/15 MP: 0/0
   102 | D:1      | Reached XP level 2. HP: 21/21 MP: 0/0
   587 | D:2      | Found a faded altar of an unknown god.
   681 | D:2      | Reached XP level 3. HP: 23/25 MP: 0/0
   681 | D:2      | Learned a level 1 spell: Freeze
   888 | D:2      | You are sucked into a shaft and drop 2 floors!
   896 | D:3      | Reached XP level 4. HP: 29/31 MP: 0/0
  1008 | D:3      | Reached XP level 5. HP: 32/35 MP: 0/0
  1008 | D:3      | Learned a level 2 spell: Mercury Vapours
  1152 | D:3      | Found a stormy altar of Qazlal.
  1412 | D:3      | Noticed Grinder
  1417 | D:3      | Killed from afar by Grinder

Illustrated notes

Levels and vault maps discovered:
D:1:      dpeg_arrival_rhombus, layout_rooms
D:2:      layout_loops_ring, hellmonk_ecumenical_altar_arch_garden,
          minmay_misc_feat_pillars, chequers_serial_rivers_small_3
D:3:      layout_loops_corners, grunt_qazlal_clouds, uniq_grinder
D:4:      minmay_chambers_of_fours, layout_loops_ring,
          hellmonk_okawaru_the_only_friend_you_need,
          mainiacjoe_overflow_brackets, minmay_temple_entry_statues_fountains,
          serial_shops, shop, minmay_lizard_king, uniq_pikel

Skill      XL: |  1  2  3 |
---------------+----------+-----
Spellcasting   | 4 |  4.8
Conjurations   | 4 |  4.8
Hexes          | 4 |  4.8
Summonings     | 4 |  4.8
Necromancy     | 4 |  4.8
Translocations | 4 |  4.8
Fire Magic     | 4 |  4.8
Ice Magic      | 4 |  4.8
Air Magic      | 4 |  4.8
Earth Magic    | 4 |  4.8
Alchemy        | 4 |  4.8
Dodging        | |  2.4
Stealth        | |  1.8

Action                     |  1- 3 |  4- 6 || total
---------------------------+-------+-------++-------
  Melee: Staff             |     4 |       ||     4
   Cast: Sandblast         |    34 |    34 ||    68
         Stone Arrow       |       |     3 ||     3
 Armour: Robe              |     6 |     4 ||    10
  Dodge: Dodged            |     6 |     5 ||    11

Table legend: (Time is in decaauts)
 A = Elapsed time spent in this place.
 B = Non-inter-level travel time spent in this place.
 C = Inter-level travel time spent in this place.
 D = Time resting spent in this place.
 E = Time spent auto-exploring this place.
 F = Levels seen in this place.
 G = Mean time per level.
                   A        B        C        D        E       F      G
               +--------+--------+--------+--------+--------+-----+--------+
         Total |   1450 |   1363 |     87 |      0 |   1125 |   4 |  362.5 |
       Dungeon |   1450 |   1363 |     87 |      0 |   1125 |   4 |  362.5 |
               +--------+--------+--------+--------+--------+-----+--------+

Top non-repeatable levels by time:
     D:3: 541 daAuts
     D:2: 475 daAuts
     D:1: 429 daAuts
     D:4: 4 daAuts
